 Dungeon Crawl Stone Soup version 0.29.0-4-gdea44cf6ec (webtiles) character file.

Game seed: 17118172463648089466

200 qw the Chopper (level 5, -1/32 HPs)
             Began as a Gargoyle Fighter on Sept 8, 2022.
             Killed by divine providence
             ... invoked by an orc priest
              (15 damage)
             ... on level 5 of the Dungeon.
             The game lasted 00:01:19 (3292 turns).

qw the Chopper (Gargoyle Fighter)                   Turns: 3292, Time: 00:01:20

Health: -1/32      AC: 10    Str: 22    XL:     5   Next: 78%
Magic:  5/5        EV:  9    Int:  8    God:
Gold:   235        SH:  5    Dex: 15    Spells: 4/4 levels left

rFire   + . .      SeeInvis .   Y - +0 war axe (venom)
rCold   + . .      Faith    .   c - +0 buckler
rNeg    + . .      Spirit   .   b - +0 scale mail
rPois   inf        Reflect  .   (no helmet)
rElec   +          Harm     .   (no cloak)
rCorr   +          Rampage  .   (no gloves)
Will    .....                   (no boots)
Stlth   ..........              (no amulet)
HPRegen 0.10/turn               a - +6 ring of dexterity
MPRegen 0.09/turn               (no ring)

@: brilliant, resistant
A: sickness immunity, AC +4, negative energy resistance 1, electricity
resistance, torment resistance 1, petrification resistance
a: no special abilities


You were on level 5 of the Dungeon.
You visited 1 branch of the dungeon, and saw 5 of its levels.

You collected 235 gold pieces.


Innate Abilities, Weirdness & Mutations

You are immune to sickness and miasma.
Your stone body is resilient. (AC +4)
You are immune to poison.
You resist negative energy. (rN+)
You are resistant to electric shocks. (rElec)
You are resistant to unholy torment.
You are immune to petrification.


   Skills:
 - Level 3.2 Fighting
 - Level 5.1 Axes
 - Level 3.2 Armour
 + Level 0.7 Dodging
 - Level 3.2 Shields


You had 4 spell levels left.
You didn't know any spells.
Your spell library was empty.

Inventory:

Hand Weapons
 n - a +1 mace of protection
 Y - a +0 war axe of venom (weapon)
Missiles
 e - a boomerang (quivered)
Armour
 b - a +0 scale mail (worn)
 c - a +0 buckler (worn)
Jewellery
 a - a +6 ring of dexterity (left hand)
Scrolls
 g - 3 scrolls of identify
 l - a scroll of fog
Potions
 d - a potion of might
 h - a potion of resistance
 i - a potion of heal wounds
 j - a potion of curing

Dungeon Overview and Level Annotations

Branches:
Dungeon (5/15)
 Temple: D:4-7

Altars:
Gozag


Message History

You kill the gnoll!
You closely miss the gnoll. You slash the gnoll!
You kill the gnoll!
You closely miss the hound. You barely miss the gnoll bouda.
The hound closely misses you.
The gnoll hits you with a +1 flail of draining.
The gnoll hits you from afar with a +0 spear.
The gnoll bouda barely misses you.
You hit the gnoll bouda.
The gnoll bouda is poisoned.
The gnoll bouda is lightly wounded.
You closely miss the gnoll. You miss the hound.
The hound bites you but does no damage. The gnoll barely misses you.
The gnoll completely misses you. The hound bites you.
You block the gnoll bouda's attack.
An orc comes into view. It is wielding a +0 short sword.
The gnoll hits you with a +1 flail of draining.
You barely miss the gnoll bouda.
The gnoll bouda is moderately wounded.
You closely miss the hound.
The orc shouts!
You hit the gnoll but do no damage.
The gnoll is poisoned.
Your attacks no longer feel as feeble.
You hear an angry hiss.
The hound bites you but does no damage. The gnoll hits you but does no damage.
The gnoll bouda hits you but does no damage.
The hound bites you.
The gnoll hits you with a +1 flail of draining.
The gnoll closely misses you.
You barely miss the gnoll bouda.
The gnoll bouda is moderately wounded.
You hit the gnoll but do no damage.
You hit the black bear but do no damage.
You miss the hound. The hound barely misses you.
The gnoll bouda hits you but does no damage.
The black bear bites you but does no damage.
The black bear claws you but does no damage. x2
The orc priest invokes the aid of Beogh against you.
Beogh smites you!
You die...

# ... .. ..## .
#.###.. ..
##.#...# ...
.###......# ...$
..........##...
#.....$.....##.#
#....goh.<.....#
..o...g@h###..##
..####g).# #
#o..# ......
#..##... ....
...## ##### ...#
....


You could see a black bear, a gnoll bouda (very poisoned), a hound, an orc
priest, 2 gnolls and 2 orcs.

Vanquished Creatures
  A jelly (D:4)
  An iguana (D:4)
  An orc wizard (D:3)
  3 adders (D:2)
  2 gnolls (D:5)
  An ufetubus (D:4)
  2 dart slugs
  11 orcs
  4 bats
  3 endoplasms (D:2)
  3 giant cockroaches
  A goblin (D:3)
  4 hobgoblins
  2 jackals
  5 kobolds
  3 quokkas
  4 ball pythons
  4 rats
55 creatures vanquished.

Notes
Turn   | Place    | Note
-------+----------+-------------------------------------------
     0 | D:1      | qw the Gargoyle Fighter began the quest for the Orb.
     0 | D:1      | Reached XP level 1. HP: 14/14 MP: 1/1
     0 | D:1      | 0 ||| qw: Version: 0.1-a-112-g44dc6cd
     0 | D:1      | 0 ||| qw: Game counter: 6666
     0 | D:1      | 0 ||| qw: Always use a shield: true
     0 | D:1      | 0 ||| qw: God list: Okawaru
     0 | D:1      | 0 ||| qw: Allow faded altars: false
     0 | D:1      | 0 ||| qw: Do Orc after D:15 true
     0 | D:1      | 0 ||| qw: Do second Lair branch before Depths: true
     0 | D:1      | 0 ||| qw: Lair rune preference: random
     0 | D:1      | 0 ||| qw: Plans: Normal, Zot, God:TSO, Crypt, Tomb, Zig,
                  | Orb
     0 | D:1      | 0 ||| PLANNING D:1-11
    93 | D:1      | Reached skill level 2 in Axes
   411 | D:1      | Reached XP level 2. HP: 19/19 MP: 2/2
   654 | D:1      | 654 ||| READING 2 scrolls labelled TINYRGHI XECSA.
   658 | D:1      | 658 ||| READING scroll labelled VYMMUBOGHI.
   659 | D:1      | 659 ||| READING scroll labelled IRUL CAROXT.
   660 | D:1      | 660 ||| READING scroll labelled UTEGIO ALUORE.
   691 | D:2      | 691 ||| STAIRDANCE
   827 | D:2      | Reached skill level 3 in Axes
   827 | D:2      | Reached XP level 3. HP: 22/23 MP: 3/3
  1606 | D:2      | 1606 ||| READING 2 scrolls labelled HIBREFYADI.
  1644 | D:3      | Reached XP level 4. HP: 28/28 MP: 4/4
  1714 | D:3      | 1714 ||| FLEEEEING.
  1719 | D:3      | 1719 ||| STAIRDANCE
  1875 | D:3      | Reached skill level 4 in Axes
  1987 | D:3      | 1987 ||| Stepping ~*~*~tactically~*~*~ (stealth).
  1989 | D:3      | 1989 ||| Stepping ~*~*~tactically~*~*~ (stealth).
  2005 | D:3      | HP: 7/28 [orc wizard/+0 dagger (2)]
  2007 | D:3      | 2007 ||| READING scroll of teleportation.
  2112 | D:3      | 2112 ||| Invisible monster not found???
  2326 | D:3      | 2326 ||| DROPPING +0 whip.
  2460 | D:3      | Reached XP level 5. HP: 24/32 MP: 5/5
  2587 | D:3      | 2587 ||| READING scroll labelled GUGIXT LEOGUF.
  2588 | D:3      | 2588 ||| READING scroll labelled VONOEN FYQA.
  2601 | D:4      | 2601 ||| STAIRDANCE
  2611 | D:4      | 2611 ||| STAIRDANCE
  2847 | D:4      | Reached skill level 5 in Axes
  3203 | D:4      | Found an opulent altar of Gozag.
  3235 | D:4      | 3235 ||| UPGRADING to +6 ring of dexterity.
  3236 | D:4      | 3236 ||| READING scroll labelled CIUMNOPNYA.
  3237 | D:4      | 3237 ||| DRINKING 2 smoky yellow potions.
  3238 | D:4      | 3238 ||| DRINKING 2 purple potions.
  3239 | D:4      | 3239 ||| DRINKING 2 fuming black potions.
  3240 | D:4      | 3240 ||| DRINKING 2 brown potions.
  3241 | D:4      | 3241 ||| DROPPING potion of brilliance.
  3283 | D:5      | Entered Level 5 of the Dungeon
  3286 | D:5      | Noticed a black bear
  3292 | D:5      | Killed from afar by an orc priest

Levels and vault maps discovered:
D:1:      amcnicky_arrival_flooded_fountain, layout_basic, minmay_misc_feat_room
D:2:      layout_basic
D:3:      layout_rooms
D:4:      layout_rooms, grunt_gozag_breadcrumbs
D:5:      layout_cave_pools, minmay_temple_entry_purple_smoke

Skill      XL: |  1  2  3  4  5 |
---------------+----------------+-----
Axes           | 2 3 4 5 |  5.1
Fighting       | |  3.2
Armour         | |  3.2
Dodging        | |  0.7
Shields        | |  3.2

Action                   |  1- 3 |  4- 6 || total
-------------------------+-------+-------++-------
Melee: War axe           |    52 |    75 ||   127
Throw: Boomerang         |    24 |    23 ||    47
  Use: Scroll            |     5 |     4 ||     9
       Potion            |       |     4 ||     4
Armor: Scale mail        |    38 |    70 ||   108
Dodge: Dodged            |    30 |    38 ||    68
Block: Buckler           |    15 |    18 ||    33

Table legend:
 A = Non-vault XP
 B = Vault XP
 C = Vault XP percentage of total XP
 D = Non-vault monster count
 E = Vault monster count
 F = Vault count percentage of total count
                 A         B        C        D         E       F
            +---------+---------+-------+---------+---------+-------
      Total |     286 |       0 |   0.0 |      55 |       0 |   0.0
            +---------+---------+-------+---------+---------+-------
        D:1 |      14 |       0 |   0.0 |       7 |       0 |   0.0
        D:2 |      64 |       0 |   0.0 |      16 |       0 |   0.0
        D:3 |      92 |       0 |   0.0 |      26 |       0 |   0.0
        D:4 |      89 |       0 |   0.0 |       4 |       0 |   0.0
        D:5 |      27 |       0 |   0.0 |       2 |       0 |   0.0
            +---------+---------+-------+---------+---------+-------
